[ AOE2 MATCH · #504775503 ]
UnrankedRomans vs Franks
Player's team · LOSS
Rival team · WIN
[ REPLAY ANALYSIS · EXTRACTED FROM THE RECORDED GAME ]
Feudal
8:53
Castle
20:17
Imperial
38:48
| APM avg | 64.4 |
| APM peak | 122 |
| eAPM avg | 33.5 |
| Villagers / military | 141 / 122 |
Focus
⚔️ 44.6% · 🌾 55.4%
Knight ×43 · Spearman ×33 · Archer ×28 · Monk ×7 · Militia ×3 · Centurion ×3
Feudal
8:56
Castle
20:45
Imperial
—
| APM avg | 87.0 |
| APM peak | 122 |
| eAPM avg | 44.9 |
| Villagers / military | 159 / 183 |
Focus
⚔️ 52.2% · 🌾 47.8%
Knight ×102 · Skirmisher ×23 · Petard ×16 · Battering Ram ×11 · Scout Cavalry ×11 · Throwing Axeman ×11
Match map
Initial resources + every placement click. Lines = walls · curves = elevation contours. ◆ gold · ⬟ stone · ● berries · ✦ relic · ◌ wall gap
Your base· ✓ Closed at 20:17 · 35t walls · no gate
我本善良's base· Open — opponent sealed themselves in
Smoothed initial terrain · ◌ = detected wall gap · hover for details
Inputs per minute
— DK | Good_luck - - 我本善良
Build order — DK | Good_luck
First 150 of 459 actions detected
| 0:00 | Create | Villager (Male) |
| 0:01 | Build | House |
| 0:02 | Build | House |
| 0:04 | Create | Villager (Male) |
| 0:05 | Create | Villager (Male) |
| 0:05 | Create | Villager (Male) |
| 1:12 | Create | Villager (Male) |
| 1:43 | Build | Lumber Camp |
| 1:55 | Create | Villager (Male) |
| 2:14 | Create | Villager (Male) |
| 2:14 | Create | Villager (Male) |
| 2:34 | Create | Villager (Male) |
| 2:34 | Create | Villager (Male) |
| 2:59 | Create | Villager (Male) |
| 2:59 | Create | Villager (Male) |
| 3:19 | Create | Villager (Male) |
| 3:19 | Create | Villager (Male) |
| 3:35 | Create | Villager (Male) |
| 3:36 | Create | Villager (Male) |
| 3:49 | Build | House |
| 4:12 | Create | Villager (Male) |
| 4:50 | Create | Villager (Male) |
| 4:59 | Build | Barracks |
| 5:14 | Create | Villager (Male) |
| 5:47 | Create | Villager (Male) |
| 5:50 | Build | House |
| 6:02 | Research | Loom |
| 6:08 | Build | Palisade Wall |
| 6:25 | Build | House |
| 6:43 | Research | Feudal Age |
| 6:51 | Create | Militia |
| 7:08 | Create | Militia |
| 7:22 | Build | Mining Camp |
| 7:30 | Build | Palisade Wall |
| 7:34 | Create | Militia |
| 8:03 | Build | Palisade Wall |
| 8:23 | Create | Villager (Male) |
| 8:47 | Create | Villager (Male) |
| 8:53 | Age | Feudal Age |
| 8:56 | Research | Man-at-Arms (upgrade) |
| 8:59 | Build | Blacksmith |
| 9:22 | Research | Double-Bit Axe |
| 9:40 | Build | Palisade Wall |
| 9:50 | Create | Villager (Male) |
| 9:56 | Build | Archery Range |
| 10:12 | Build | Palisade Wall |
| 10:23 | Create | Villager (Male) |
| 10:38 | Build | Mill |
| 10:45 | Create | Villager (Male) |
| 10:51 | Create | Archer |
| 10:52 | Create | Archer |
| 10:59 | Build | House |
| 11:02 | Create | Spearman |
| 11:17 | Create | Villager (Male) |
| 11:24 | Create | Archer |
| 11:29 | Build | Palisade Wall |
| 11:32 | Build | Palisade Wall |
| 11:42 | Create | Villager (Male) |
| 12:02 | Build | Palisade Wall |
| 12:09 | Create | Villager (Male) |
| 12:14 | Build | Farm |
| 12:21 | Build | House |
| 12:28 | Create | Villager (Male) |
| 12:36 | Create | Archer |
| 12:46 | Build | House |
| 12:51 | Build | Farm |
| 12:52 | Build | Farm |
| 12:58 | Research | Scale Mail Armor |
| 13:01 | Create | Archer |
| 13:06 | Create | Villager (Male) |
| 13:07 | Build | Farm |
| 13:12 | Create | Archer |
| 13:18 | Build | House |
| 13:27 | Build | Farm |
| 13:43 | Research | Fletching |
| 13:43 | Research | Fletching |
| 13:51 | Create | Archer |
| 13:55 | Create | Villager (Male) |
| 14:20 | Create | Archer |
| 14:26 | Create | Archer |
| 14:33 | Build | House |
| 14:33 | Create | Villager (Male) |
| 14:33 | Create | Villager (Male) |
| 14:35 | Build | Farm |
| 14:36 | Build | Farm |
| 14:46 | Build | Farm |
| 14:52 | Build | House |
| 14:53 | Build | Palisade Wall |
| 15:00 | Build | Farm |
| 15:39 | Create | Villager (Male) |
| 15:41 | Build | Farm |
| 15:43 | Build | Farm |
| 15:47 | Build | House |
| 15:48 | Build | House |
| 15:57 | Create | Archer |
| 16:04 | Create | Villager (Male) |
| 16:11 | Build | Lumber Camp |
| 16:12 | Create | Villager (Male) |
| 16:18 | Create | Archer |
| 16:39 | Create | Archer |
| 16:53 | Create | Archer |
| 16:57 | Create | Villager (Male) |
| 17:14 | Build | Lumber Camp |
| 17:37 | Research | Castle Age |
| 18:03 | Create | Archer |
| 18:05 | Research | Horse Collar |
| 18:21 | Create | Archer |
| 18:27 | Build | Farm |
| 18:43 | Create | Archer |
| 18:49 | Build | Farm |
| 19:11 | Create | Spearman |
| 19:34 | Research | Gold Mining |
| 19:40 | Create | Archer |
| 19:46 | Create | Villager (Male) |
| 20:08 | Create | Villager (Male) |
| 20:17 | Age | Castle Age |
| 20:19 | Build | Town Center |
| 20:20 | Research | Crossbowman (upgrade) |
| 20:21 | Research | Bodkin Arrow |
| 20:21 | Research | Bodkin Arrow |
| 20:23 | Create | Villager (Male) |
| 20:32 | Build | Town Center |
| 20:50 | Research | Bow Saw |
| 20:53 | Create | Archer |
| 21:07 | Create | Villager (Male) |
| 21:09 | Build | Farm |
| 21:23 | Create | Archer |
| 21:23 | Create | Archer |
| 21:34 | Create | Villager (Male) |
| 21:35 | Create | Villager (Male) |
| 21:41 | Build | Siege Workshop |
| 21:43 | Create | Archer |
| 21:47 | Create | Villager (Male) |
| 21:47 | Create | Villager (Male) |
| 21:51 | Build | House |
| 21:56 | Create | Villager (Male) |
| 22:02 | Build | Farm |
| 22:04 | Build | Farm |
| 22:20 | Build | Farm |
| 22:22 | Create | Villager (Male) |
| 22:22 | Create | Villager (Male) |
| 22:25 | Build | Farm |
| 22:39 | Create | Villager (Male) |
| 22:40 | Create | Villager (Male) |
| 22:44 | Build | Farm |
| 22:50 | Create | Villager (Male) |
| 22:50 | Create | Villager (Male) |
| 22:54 | Build | Farm |
| 22:56 | Build | Farm |
| 22:58 | Create | Villager (Male) |
Build order — 我本善良
First 150 of 526 actions detected
| 0:00 | Create | Villager (Male) |
| 0:01 | Create | Villager (Male) |
| 0:02 | Build | House |
| 0:02 | Build | House |
| 0:07 | Build | House |
| 0:09 | Create | Villager (Male) |
| 0:09 | Create | Villager (Male) |
| 0:09 | Create | Villager (Male) |
| 1:37 | Create | Villager (Male) |
| 1:38 | Create | Villager (Male) |
| 1:53 | Build | Lumber Camp |
| 1:57 | Create | Villager (Male) |
| 1:58 | Create | Villager (Male) |
| 2:30 | Create | Villager (Male) |
| 2:30 | Create | Villager (Male) |
| 2:53 | Create | Villager (Male) |
| 2:54 | Create | Villager (Male) |
| 3:44 | Create | Villager (Male) |
| 3:44 | Create | Villager (Male) |
| 3:50 | Build | House |
| 3:51 | Build | House |
| 3:54 | Build | House |
| 3:55 | Build | House |
| 4:05 | Create | Villager (Male) |
| 4:05 | Create | Villager (Male) |
| 4:41 | Create | Villager (Male) |
| 4:42 | Create | Villager (Male) |
| 4:56 | Create | Villager (Male) |
| 5:34 | Create | Villager (Male) |
| 5:34 | Create | Villager (Male) |
| 5:36 | Build | Mill |
| 5:52 | Research | Loom |
| 6:42 | Research | Feudal Age |
| 6:42 | Research | Feudal Age |
| 7:23 | Build | Barracks |
| 7:48 | Create | Villager (Male) |
| 8:28 | Build | House |
| 8:52 | Build | Palisade Wall |
| 8:56 | Age | Feudal Age |
| 9:04 | Build | House |
| 9:08 | Create | Villager (Male) |
| 9:10 | Build | Stable |
| 9:13 | Research | Double-Bit Axe |
| 9:13 | Research | Double-Bit Axe |
| 9:31 | Create | Spearman |
| 9:37 | Create | Villager (Male) |
| 9:51 | Create | Scout Cavalry |
| 9:51 | Create | Scout Cavalry |
| 9:57 | Create | Villager (Male) |
| 10:07 | Build | Farm |
| 10:07 | Build | Farm |
| 10:09 | Create | Villager (Male) |
| 10:11 | Build | Palisade Wall |
| 10:14 | Build | House |
| 10:16 | Build | Palisade Wall |
| 10:19 | Build | Palisade Wall |
| 10:35 | Create | Villager (Male) |
| 10:41 | Build | Palisade Wall |
| 10:41 | Build | Palisade Wall |
| 10:44 | Build | Palisade Wall |
| 10:49 | Build | Palisade Wall |
| 10:51 | Build | Palisade Wall |
| 10:51 | Build | Palisade Wall |
| 10:58 | Create | Scout Cavalry |
| 11:00 | Create | Villager (Male) |
| 11:04 | Build | Farm |
| 11:05 | Build | Farm |
| 11:20 | Build | Palisade Wall |
| 11:20 | Build | Palisade Wall |
| 11:24 | Create | Villager (Male) |
| 11:32 | Create | Scout Cavalry |
| 11:32 | Create | Scout Cavalry |
| 11:37 | Build | Archery Range |
| 11:46 | Create | Villager (Male) |
| 11:46 | Create | Villager (Male) |
| 11:51 | Build | Palisade Wall |
| 12:07 | Create | Scout Cavalry |
| 12:13 | Build | House |
| 12:15 | Create | Villager (Male) |
| 12:29 | Build | Palisade Wall |
| 12:34 | Create | Skirmisher |
| 12:40 | Create | Villager (Male) |
| 12:41 | Build | Farm |
| 12:44 | Build | Palisade Wall |
| 12:49 | Build | Palisade Wall |
| 13:00 | Create | Scout Cavalry |
| 13:02 | Build | House |
| 13:11 | Create | Villager (Male) |
| 13:12 | Create | Skirmisher |
| 13:18 | Build | Blacksmith |
| 13:24 | Create | Scout Cavalry |
| 13:25 | Create | Scout Cavalry |
| 13:39 | Create | Skirmisher |
| 13:43 | Create | Villager (Male) |
| 14:20 | Create | Villager (Male) |
| 14:21 | Create | Scout Cavalry |
| 14:33 | Create | Villager (Male) |
| 14:35 | Build | Mining Camp |
| 14:43 | Create | Scout Cavalry |
| 14:44 | Create | Villager (Male) |
| 14:48 | Build | Farm |
| 14:49 | Build | Farm |
| 14:50 | Build | Farm |
| 14:52 | Build | Farm |
| 14:59 | Create | Villager (Male) |
| 15:07 | Build | House |
| 15:29 | Create | Villager (Male) |
| 15:31 | Build | Farm |
| 15:34 | Build | Farm |
| 15:42 | Create | Skirmisher |
| 15:52 | Build | Farm |
| 16:20 | Build | Farm |
| 16:20 | Create | Villager (Male) |
| 16:27 | Build | Farm |
| 16:48 | Build | Palisade Wall |
| 16:52 | Create | Skirmisher |
| 16:52 | Create | Villager (Male) |
| 16:56 | Build | Farm |
| 16:58 | Build | Farm |
| 17:07 | Build | House |
| 17:15 | Create | Villager (Male) |
| 17:39 | Build | House |
| 17:45 | Build | Lumber Camp |
| 18:02 | Build | Lumber Camp |
| 18:05 | Research | Castle Age |
| 18:05 | Research | Castle Age |
| 18:19 | Build | House |
| 18:19 | Build | House |
| 18:20 | Build | House |
| 18:28 | Build | Farm |
| 18:30 | Create | Skirmisher |
| 18:31 | Create | Skirmisher |
| 18:48 | Build | Farm |
| 19:06 | Create | Skirmisher |
| 19:14 | Research | Gold Mining |
| 19:40 | Create | Villager (Male) |
| 19:42 | Create | Skirmisher |
| 19:52 | Research | Fletching |
| 20:41 | Build | House |
| 20:45 | Age | Castle Age |
| 20:48 | Research | Elite Skirmisher (upgrade) |
| 20:48 | Research | Bodkin Arrow |
| 20:50 | Create | Knight |
| 21:01 | Create | Villager (Male) |
| 21:04 | Create | Skirmisher |
| 21:05 | Research | Padded Archer Armor |
| 21:05 | Research | Padded Archer Armor |
| 21:09 | Build | House |
| 21:10 | Build | House |
| 21:12 | Build | Palisade Wall |
Match timeline
| 4:59 | DK | Good_luck · first_building Barracks |
| 6:08 | DK | Good_luck · wall_segment Palisade Wall x1 |
| 7:23 | 我本善良 · first_building Barracks |
| 7:30 | DK | Good_luck · wall_segment Palisade Wall x5 |
| 8:03 | DK | Good_luck · wall_segment Palisade Wall x1 |
| 8:52 | 我本善良 · wall_segment Palisade Wall x5 |
| 8:53 | DK | Good_luck · age_up feudal |
| 8:56 | 我本善良 · age_up feudal |
| 9:10 | 我本善良 · first_building Stable |
| 9:40 | DK | Good_luck · wall_segment Palisade Wall x5 |
| 9:56 | DK | Good_luck · first_building Archery Range |
| 10:11 | 我本善良 · wall_segment Palisade Wall x1 |
| 10:12 | DK | Good_luck · wall_segment Palisade Wall x10 |
| 10:16 | 我本善良 · wall_segment Palisade Wall x1 |
| 10:19 | 我本善良 · wall_segment Palisade Wall x1 |
| 10:41 | 我本善良 · wall_segment Palisade Wall x4 |
| 10:41 | 我本善良 · wall_segment Palisade Wall x1 |
| 10:44 | 我本善良 · wall_segment Palisade Wall x3 |
| 10:49 | 我本善良 · wall_segment Palisade Wall x1 |
| 10:51 | 我本善良 · wall_segment Palisade Wall x2 |
| 10:51 | 我本善良 · wall_segment Palisade Wall x4 |
| 11:20 | 我本善良 · wall_segment Palisade Wall x1 |
| 11:20 | 我本善良 · wall_segment Palisade Wall x1 |
| 11:29 | DK | Good_luck · wall_segment Palisade Wall x6 |
| 11:32 | DK | Good_luck · wall_segment Palisade Wall x5 |
| 11:37 | 我本善良 · first_building Archery Range |
| 11:51 | 我本善良 · wall_segment Palisade Wall x1 |
| 12:02 | DK | Good_luck · wall_segment Palisade Wall x1 |
| 12:29 | 我本善良 · wall_segment Palisade Wall x7 |
| 12:44 | 我本善良 · wall_segment Palisade Wall x11 |
| 12:49 | 我本善良 · wall_segment Palisade Wall x10 |
| 14:53 | DK | Good_luck · wall_segment Palisade Wall x3 |
| 16:48 | 我本善良 · wall_segment Palisade Wall x6 |
| 20:17 | DK | Good_luck · age_up castle |
| 20:45 | 我本善良 · age_up castle |
| 21:12 | 我本善良 · wall_segment Palisade Wall x1 |
| 21:41 | DK | Good_luck · first_building Siege Workshop |
| 22:36 | 我本善良 · first_building Monastery |
| 23:44 | DK | Good_luck · first_building Monastery |
| 24:09 | DK | Good_luck · wall_segment Palisade Wall x1 |
| 24:25 | DK | Good_luck · wall_segment Palisade Wall x1 |
| 25:16 | 我本善良 · first_building Siege Workshop |
| 27:47 | DK | Good_luck · first_building Stable |
| 28:38 | DK | Good_luck · wall_segment Palisade Wall x2 |
| 30:49 | DK | Good_luck · first_market_sell 100 wood |
| 31:55 | 我本善良 · first_building Castle |
| 32:48 | DK | Good_luck · first_market_buy 100 stone |
| 32:56 | DK | Good_luck · first_building Castle |
| 38:48 | DK | Good_luck · age_up imperial |
| 40:14 | 我本善良 · first_market_buy 100 food |
| 44:41 | DK | Good_luck · resign |
[ AI ANALYSIS · 1 CREDIT ]
What really happened in this match?
Wolo.gg analyzes every decision: build order, eco, micro, common mistakes by bracket. Personalized analysis on WhatsApp or Discord in 30 seconds.
Civ guide
Romans
Perfil
Jugador #689666